 Dungeon Crawl Stone Soup version 0.17-b1-22-g5359643 (webtiles) character file.

1621 Horrz the Frost Mage (level 8, -2/52 HPs)
             Began as a Merfolk Ice Elementalist on Nov 5, 2015.
             Was a Follower of Okawaru.
             Slain by Grinder (6 damage)
             ... while paralysed by Grinder
             ... on level 6 of the Dungeon.
             The game lasted 00:41:08 (5224 turns).

Horrz the Frost Mage (Merfolk Ice Elementalist)     Turns: 5224, Time: 00:41:08

Health: -2/52      AC:  6    Str:  9    XL:     8   Next: 96%
Magic:  14/16      EV:  2    Int: 17    God:    Okawaru [*.....]
Gold:   367        SH:  0    Dex: 16    Spells: 3 memorised, 12 levels left

rFire  + . .     SeeInvis .     H - +1 short sword (elec)
rCold  + . .     Clarity  .     K - +0 robe {rC+ rF+}
rNeg   . . .     SustAt   .     g - +0 shield {reflect}
rPois  .         Gourm    .     r - +0 helmet
rElec  .         Spirit   .     k - +0 cloak
rCorr  .         Warding  .     J - +1 pair of gloves
rMut   .         Stasis   .     (no boots)
MR     .....                    v - amulet of regeneration
Stlth  ++........               (no ring)
                                m - +3 ring of intelligence

@: paralysed, very slightly contaminated, held, not resistant to hostile
enchantments, unstealthy
A: change form in water, swift swim
a: Heroism, Renounce Religion


You were on level 6 of the Dungeon.
You worshipped Okawaru.
Okawaru was aware of your devotion.
You were hungry.

You visited 1 branch of the dungeon, and saw 6 of its levels.

You collected 367 gold pieces.

Inventory:

Hand Weapons
 d - a +3 hunting sling
 q - a +0 spear
 A - a +0 spear
 H - a +1 short sword of electrocution (weapon)
 O - a +2 hand axe of flaming
Missiles
 l - 120 stones (quivered)
 x - 88 sling bullets
 y - 5 tomahawks of returning
Armour
 a - a +0 robe
 g - a +0 shield of reflection (worn)
 k - a +0 cloak (worn)
 r - a +0 helmet (worn)
 I - the +2 ring mail of Freedom {rN+ Int+7 Dex-5}
   (You found it on level 4 of the Dungeon)

   It affects your intelligence (+7).
   It affects your dexterity (-5).
   It protects you from negative energy.
 J - a +1 pair of gloves (worn)
 K - a +0 robe of resistance (worn)
Jewellery
 m - a +3 ring of intelligence (left hand)
 n - an uncursed amulet of faith
 v - an amulet of regeneration (around neck)
Wands
 w - a wand of polymorph (18)
 M - a wand of fire (8)
 N - a wand of polymorph (11)
Scrolls
 e - 8 scrolls of identify {unknown}
 o - 2 scrolls of remove curse
 p - a scroll of blinking
 t - a scroll of random uselessness {unknown}
 z - 2 scrolls of amnesia {unknown}
 G - a scroll of noise {unknown}
 L - a scroll of silence {unknown}
 P - a scroll of holy word {unknown}
 Q - a scroll of enchant armour {unknown}
Potions
 h - 2 potions of brilliance {unknown}
 i - 7 potions of curing
 j - a potion of degeneration {unknown}
 s - 3 potions of magic {unknown}
 C - 2 potions of resistance {unknown}
 D - 2 potions of heal wounds {unknown}
 E - a potion of poison {unknown}
Books
 b - a book of Frost

   Spells                             Type                      Level
   a - Freeze                         Ice                          1
   b - Throw Frost                    Conjuration/Ice              2
   c - Ozocubu's Armour               Charms/Ice                   3
   d - Throw Icicle                   Conjuration/Ice              4
   e - Summon Ice Beast               Ice/Summoning                4
   f - Condensation Shield            Ice                          4
Comestibles
 c - 5 bread rations
 f - a slice of pizza
 u - 2 fruits
 B - 2 beef jerkies
 F - 3 meat rations


   Skills:
 + Level 5.9 Dodging
 - Level 2.1 Stealth
 + Level 4.8 Shields
 + Level 5.6 Spellcasting
 - Level 0.7 Conjurations
 * Level 8.0 Ice Magic


You had 12 spell levels left.
You knew the following spells:

 Your Spells              Type           Power        Failure   Level  Hunger
a - Freeze                Ice            ####         1%          1    None
b - Throw Frost           Conj/Ice       ###...       14%         2    #......
c - Ozocubu's Armour      Chrm/Ice       ###.....     34%         3    ##.....


Dungeon Overview and Level Annotations

Branches:
Dungeon (6/15)
 Temple: D:4-7

Altars:
Dithmenos
Fedhas
Nemelex Xobeh
Okawaru
Ru
Trog
Yredelemnul
Zin

Shops:
D:5 %

Annotations:
D:6 Grinder


Message History

Unknown command.
Press: ? - help, v - describe, . - travel
Here: Grinder (unusually strong)
The floor.
Wield which item (- for none, * to show all)? (? for menu, Esc to quit)
You hear the crackle of electricity.
H - a +1 short sword of electrocution (weapon)
Grinder gestures at you.
You suddenly lose the ability to move!
The gnoll throws a throwing net.
The throwing net hits you.
You become entangled in the net!
Grinder hits you!
You writhe in agony.
You writhe in agony.
Grinder hits you!
You writhe in agony. 2 gnolls come into view.
The gnoll shouts!
The gnoll moves out of view.
Grinder hits you.
You writhe in agony.
* * * LOW HITPOINT WARNING * * *
Grinder hits you!
* * * LOW HITPOINT WARNING * * *
You writhe in agony.
You die...

#<#..#<##(#.##..#
###..#.##.#.##..#
#..#....#.##..#
#..#..###.##..#
##..#..# #.##..#
...#..# #.##..#
####.#..###.##..#
#.....(.........#
#.#.@......####.#
#)5...........#
.g..............+
g...###############
g..... ..(... ((/..
(....


You could see Grinder and 3 gnolls.

Vanquished Creatures
  An ice beast (D:5)
  Duvessa (D:5)
  A phantom (D:5)
  3 ogres
  A sky beast (D:5)
  2 centaurs (D:5)
  Dowan (D:5)
  A scorpion (D:5)
  A crimson imp (D:5)
  An iguana (D:4)
  A giant frog skeleton (D:4)
  2 orc wizards
  3 orc priests
  11 worker ants
  A hound zombie (D:6)
  2 hound skeletons
  3 adders
  2 oozes (D:2)
  8 worms
  2 adder skeletons
  6 giant geckos
  25 orcs
  12 bats
  5 giant cockroaches
  18 hobgoblins
  3 jackals (D:3)
  2 giant gecko skeletons (D:4)
  4 giant newts
  8 goblins
  9 kobolds
  2 quokkas
  A quokka zombie (D:5)
  10 rats
153 creatures vanquished.

Notes
Turn   | Place    | Note
--------------------------------------------------------------
     0 | D:1      | Horrz the Merfolk Ice Elementalist began the quest for the Orb.
     0 | D:1      | Reached XP level 1. HP: 13/13 MP: 3/3
   187 | D:1      | Reached XP level 2. HP: 16/19 MP: 1/5
   387 | D:1      | Learned a level 2 spell: Throw Frost
   751 | D:1      | Reached XP level 3. HP: 24/24 MP: 7/7
   754 | D:1      | Reached skill level 1 in Shields
  1063 | D:2      | Found a shadowy altar of Dithmenos.
  1113 | D:2      | Learned a level 3 spell: Ozocubu's Armour
  1322 | D:2      | Reached XP level 4. HP: 30/30 MP: 9/9
  1840 | D:2      | Found a blossoming altar of Fedhas.
  2095 | D:3      | Reached XP level 5. HP: 35/35 MP: 10/10
  2280 | D:3      | Reached skill level 4 in Ice Magic
  2629 | D:3      | Found a sacrificial altar of Ru.
  2735 | D:3      | Found a bloodstained altar of Trog.
  3019 | D:4      | Reached XP level 6. HP: 26/41 MP: 7/12
  3371 | D:4      | Reached skill level 5 in Ice Magic
  3526 | D:4      | Noticed an ogre
  3532 | D:4      | Killed an ogre
  3587 | D:4      | Reached XP level 7. HP: 44/46 MP: 6/13
  3668 | D:4      | Got a heavily runed ring mail
  3685 | D:4      | Identified the +2 ring mail of Freedom {rN+ Int+7 Dex-5} (You found it on level 4 of the Dungeon)
  3803 | D:4      | Noticed an orc warrior
  3936 | D:4      | Reached skill level 6 in Ice Magic
  4162 | D:5      | Entered Level 5 of the Dungeon
  4189 | D:5      | Noticed Duvessa
  4193 | D:5      | Noticed Dowan
  4201 | D:5      | Killed Duvessa
  4201 | D:5      | Reached XP level 8. HP: 52/52 MP: 1/15
  4207 | D:5      | Killed Dowan
  4207 | D:5      | Reached skill level 5 in Spellcasting
  4409 | D:5      | Found an iron altar of Okawaru.
  4420 | D:5      | Found a glowing silver altar of Zin.
  4424 | D:5      | Found a sparkling altar of Nemelex Xobeh.
  4540 | D:5      | Became a worshipper of Warmaster Okawaru
  4621 | D:5      | Reached skill level 7 in Ice Magic
  4628 | D:5      | Reached skill level 5 in Dodging
  4905 | D:5      | Found Bippiust's Food Shoppe.
  4933 | D:5      | Reached * piety under Okawaru
  4969 | D:5      | Reached skill level 8 in Ice Magic
  5160 | D:6      | Found a basalt altar of Yredelemnul.
  5213 | D:6      | Noticed Grinder
  5220 | D:6      | Paralysed by Grinder for 7 turns
  5224 | D:6      | Slain by Grinder

Action                   |  1- 3 |  4- 6 |  7- 9 || total
-------------------------+-------+-------+-------++-------
Melee: Hunting sling     |     1 |       |     1 ||     2
 Fire: Hunting sling     |    54 |   142 |   141 ||   337
 Cast: Freeze            |    28 |    86 |    59 ||   173
       Throw Frost       |       |     3 |    13 ||    16
  Use: Scroll            |       |       |     2 ||     2
  Eat: Chunk             |     1 |     8 |     6 ||    15
